 Dungeon Crawl Stone Soup version 0.21-a0-260-g9b2435e (webtiles) character file.

806 sveltemanboy the Chopper (level 7, -3/52 HPs)
             Began as a Demonspawn Monk on Sept 7, 2017.
             Was a Believer of Okawaru.
             Slain by an unseen horror (5 damage)
             ... on level 5 of the Dungeon.
             The game lasted 00:10:00 (3841 turns).

sveltemanboy the Chopper (Demonspawn Monk)          Turns: 3841, Time: 00:10:00

Health: -3/52      AC: 10    Str: 13    XL:     7   Next: 60%
Magic:  0/9        EV: 12    Int: 11    God:    Okawaru [**....]
Gold:   117        SH:  0    Dex: 16    Spells: 6/6 levels left

rFire    . . .     SeeInvis .   d - +1 war axe
rCold    . . .     Gourm    .   (no shield)
rNeg     . . .     Faith    .   s - +1 ring mail {rPois}
rPois    +         Spirit   +   e - +0 helmet
rElec    .         Reflect  .   (no cloak)
rCorr    .         Harm     .   (no gloves)
MR       +....                  (no boots)
Stlth    +.........             u - amulet of rage
HPRegen  0.17/turn              j - +3 ring of protection
MPRegen  0.11/turn              b - ring of protection from magic

@: hasted, very quick
A: hooves 2, powered by death 2, magic shield
a: Heroism, Renounce Religion, Evoke Berserk Rage


You were on level 5 of the Dungeon.
You worshipped Okawaru.
Okawaru was pleased with you.
You were not hungry.

You visited 2 branches of the dungeon, and saw 6 of its levels.

You collected 194 gold pieces.
You spent 77 gold pieces at shops.

Inventory:

Hand Weapons
 d - a +1 war axe (weapon)
Armour
 e - a +0 helmet (worn)
 s - a +1 ring mail of poison resistance (worn)
Jewellery
 b - a ring of protection from magic (right hand)
 j - a +3 ring of protection (left hand)
 u - an amulet of rage (around neck)
Scrolls
 k - a scroll of teleportation
 m - a scroll of identify
 p - 2 scrolls of magic mapping
 r - 2 scrolls of remove curse
Potions
 h - 2 potions of cancellation
 i - 2 potions of flight
 o - a potion of curing
 t - 5 potions of might {unknown}
Comestibles
 c - 4 bread rations
 f - 2 meat rations
 g - 12 fruits
 n - 3 royal jellies


   Skills:
 - Level 3.0 Fighting
 * Level 7.2 Axes
 - Level 3.0 Armour
 - Level 2.6 Dodging
 - Level 1.7 Stealth
 + Level 2.9 Invocations


You had 6 spell levels left.
You didn't know any spells.

Dungeon Overview and Level Annotations

Branches:
Dungeon (5/15)             Temple (1/1) D:4

Altars:
Ashenzari
Cheibriados
Fedhas
Kikubaaqudgha
Makhleb
Nemelex Xobeh
Okawaru
Qazlal
Uskayaw
Xom

Shops:
D:5 *


Innate Abilities, Weirdness & Mutations

You have hoof-like feet.
You regenerate health from kills.
When hurt, damage is shared between your health and your magic reserves.


Message History

You hit something but do no damage. Something hits you but does no damage.
Something barely misses you.
There is an open door, spattered with blood here.
Things that are here:
a howler monkey corpse; a bullfrog corpse You feel like a meek peon again.
Something hits you. Something hits you.
* * * LOW HITPOINT WARNING * * *
Something hits you.
* * * LOW HITPOINT WARNING * * *
Something hits you!
* * * LOW HITPOINT WARNING * * *
There is an open door, spattered with blood here.
Things that are here:
a howler monkey corpse; a bullfrog corpse Something hits you.
* * * LOW HITPOINT WARNING * * *
Something hits you.
You die...

#.........#...# #.##
..#####...#.#.# #.# #
####...#.#.#### #.# ##+#
#........#....# #.# ##...#
#.....#######.# #.#
##.....##........#....###.##
#.......####..<#.#.#####...#
........?###.....#.#####....
.........†.@................
.........####...######......
#.......## #..## #......
##.....## ...... ###...#
##...# ##.##.# #...# ##+# .#
.# ##.## .# # #.# ..


There were no monsters in sight!

Vanquished Creatures
  A water moccasin (D:5)
  A centaur (D:2)
  A bullfrog (D:5)
  2 howler monkeys
  A hound (D:4)
  4 orc priests
  2 orc wizards
  2 worker ants (D:4)
  A hound skeleton (D:5)
  Robin (D:3)
  6 adders
  2 oozes (D:2)
  An adder skeleton (D:5)
  9 worms
  2 leopard geckos
  18 orcs
  5 giant cockroaches
  7 hobgoblins
  16 jackals
  5 quokkas
  A ball python (D:4)
  7 bats
  5 frilled lizards
  11 goblins
  6 kobolds
  14 rats
131 creatures vanquished.

Notes
Turn   | Place    | Note
-------+----------+-------------------------------------------
     0 | D:1      | sveltemanboy the Demonspawn Monk began the quest for the Orb.
     0 | D:1      | Reached XP level 1. HP: 18/18 MP: 1/1
   252 | D:1      | Reached skill level 3 in Axes
   410 | D:1      | Gained mutation: When hurt, damage is shared between your health and your magic reserves. [demonic ancestry]
   410 | D:1      | Reached XP level 2. HP: 22/24 MP: 0/2
   648 | D:2      | Reached skill level 1 in Armour
   707 | D:2      | Noticed a centaur
  1010 | D:2      | Killed a centaur
  1010 | D:2      | Reached skill level 4 in Axes
  1010 | D:2      | Reached XP level 3. HP: 18/29 MP: 1/3
  1010 | D:2      | Gained mutation: You regenerate a little health from kills. [demonic ancestry]
  1010 | D:2      | Reached XP level 4. HP: 22/35 MP: 1/4
  1226 | D:2      | Gained mutation: You have large cloven feet. [demonic ancestry]
  1226 | D:2      | Reached XP level 5. HP: 29/41 MP: 5/5
  2220 | D:3      | Reached skill level 5 in Axes
  2229 | D:3      | Noticed Robin
  2277 | D:3      | Killed Robin
  2373 | D:3      | Gained mutation: You regenerate health from kills. [demonic ancestry]
  2373 | D:3      | Reached XP level 6. HP: 36/47 MP: 3/6
  2782 | D:3      | Found an ancient bone altar of Kikubaaqudgha.
  2942 | D:4      | Reached skill level 6 in Axes
  3136 | D:4      | Gained mutation: You have hoof-like feet. [demonic ancestry]
  3136 | D:4      | Reached XP level 7. HP: 43/52 MP: 4/7
  3206 | D:4      | Found a staircase to the Ecumenical Temple.
  3212 | Temple   | Entered the Ecumenical Temple
  3244 | Temple   | Became a worshipper of Warmaster Okawaru
  3244 | Temple   | Reached * piety under Okawaru
  3244 | Temple   | Reached ** piety under Okawaru
  3331 | D:4      | Reached skill level 1 in Invocations
  3481 | D:5      | Entered Level 5 of the Dungeon
  3525 | D:5      | Found Uvael's General Store.
  3534 | D:5      | Bought a potion of heal wounds for 55 gold pieces
  3534 | D:5      | Bought a scroll of identify for 22 gold pieces
  3776 | D:5      | Reached skill level 7 in Axes
  3825 | D:5      | HP: 2/52 [something (4)]
  3840 | D:5      | HP: 2/52 [something (5)]
  3841 | D:5      | Slain by an unseen horror

Vault maps used:
D:1:      nicolae_arrival_memento_mori, minivault_27
D:3:      kennysheep_six_static_rooms, marbit_many_paths,
          cheibrodos_sewer_entry_bend, uniq_robin
D:4:      minmay_temple_entry_fiery, first_bread
D:5:      serial_shops, shop, shop, shop
Temple:   regret_index_temple_sigil_plot

Skill      XL: |  1  2  3  4  5  6  7 |
---------------+----------------------+-----
Axes           | 3 4 5 6 7 |  7.2
Armour         | 2 3 |  3.0
Invocations    | 2 |  2.9
Fighting       | |  3.0
Dodging        | |  2.6
Stealth        | |  1.7

Action                   |  1- 3 |  4- 6 |  7- 9 || total
-------------------------+-------+-------+-------++-------
Melee: Hand axe          |    51 |   193 |       ||   244
       Kick              |       |    73 |    22 ||    95
       War axe           |       |   122 |    75 ||   197
Invok: Heroism           |       |       |     1 ||     1
  Use: Scroll            |       |    10 |     4 ||    14
       Potion            |       |       |     3 ||     3
 Stab: Sleeping          |       |     1 |     1 ||     2
       Distracted        |       |     1 |       ||     1
  Eat: Chunk             |       |     8 |     2 ||    10
Armor: Robe              |     1 |       |       ||     1
       Ring mail         |    10 |   127 |    61 ||   198
Dodge: Dodged            |    49 |   194 |    46 ||   289

Table legend:
 A = Spawn XP
 B = Non-spawn XP
 C = Spawn XP percentage of total XP
 D = Spawn monster count
 E = Non-spawn monster count
 F = Spawn count percentage of total count
 G = Total turns spent on level
                    A         B        C        D         E        F      G
               +---------+---------+-------+---------+---------+-------+---------
         Total |       0 |    1152 |   0.0 |       0 |     131 |   0.0 |  3841
               +---------+---------+-------+---------+---------+-------+---------
           D:1 |       0 |      13 |   0.0 |       0 |      10 |   0.0 |   910
           D:2 |       0 |     234 |   0.0 |       0 |      24 |   0.0 |  1049
           D:3 |       0 |     270 |   0.0 |       0 |      54 |   0.0 |   961
           D:4 |       0 |     325 |   0.0 |       0 |      34 |   0.0 |   505
           D:5 |       0 |     310 |   0.0 |       0 |       9 |   0.0 |   360
               +---------+---------+-------+---------+---------+-------+---------
